 Dungeon Crawl Stone Soup version 0.21-a0-154-gb5400c9 (webtiles) character file.

912 KristoblXynda the Poker (level 8, -3/67 HPs)
             Began as a Naga Gladiator on Aug 2, 2017.
             Was an Initiate of Yredelemnul.
             Slain by a leopard gecko (5 damage)
             ... on level 5 of the Dungeon.
             The game lasted 00:20:06 (6407 turns).

KristoblXynda the Poker (Naga Gladiator)            Turns: 6407, Time: 00:20:06

Health: -3/67      AC: 12    Str: 18    XL:     8   Next: 9%
Magic:  8/8        EV:  9    Int:  9    God:    Yredelemnul [......]
Gold:   191        SH:  2    Dex: 13    Spells: 7/7 levels left

rFire    + . .     SeeInvis +   x - +0 spear
rCold    . . .     Gourm    .   (no shield)
rNeg     . . .     Faith    .   b - +0 leather armour
rPois    +         Spirit   .   c - +1 helmet
rElec    .         Reflect  +   (no cloak)
rCorr    +         Harm     .   t - +0 pair of gloves
MR       +....                  h - +0 naga barding
Stlth    +++.......             r - +2 amulet of reflection
HPRegen  0.21/turn              o - ring of protection from fire
MPRegen  0.11/turn              s - ring of resist corrosion

@: lethally poisoned (-3 -> -17), very slow
A: see invisible, deformed body, poison resistance, slowness 2, slow metabolism
1, spit poison 1, AC +2
a: Spit Poison, Renounce Religion


You were on level 5 of the Dungeon.
You worshipped Yredelemnul.
Yredelemnul was noncommittal.
You were not hungry.

You visited 2 branches of the dungeon, and saw 6 of its levels.

You collected 191 gold pieces.

Inventory:

Hand Weapons
 x - a +0 spear (weapon)
Missiles
 d - 2 throwing nets (quivered)
Armour
 b - a +0 leather armour (worn)
 c - a +1 helmet (worn)
 e - a +0 buckler
 h - a +0 naga barding (worn)
 t - a +0 pair of gloves (worn)
Jewellery
 o - a ring of protection from fire (left hand)
 r - a +2 amulet of reflection (around neck)
 s - a ring of resist corrosion (right hand)
Wands
 l - a wand of flame (27/48)
 p - a wand of iceblast (4/15)
Scrolls
 g - a scroll of remove curse
 j - a scroll of enchant armour
 q - 2 scrolls of teleportation
 v - 2 scrolls of amnesia
 y - a scroll of identify
Potions
 i - a potion of cancellation
 n - a potion of resistance
Books
 a - a book of Conjurations

   Spells                             Type                      Level
   a - Magic Dart                     Conjuration                  1
   b - Searing Ray                    Conjuration                  2
   c - Dazzling Spray                 Conjuration/Hexes            3
   d - Fulminant Prism                Conjuration/Hexes            4
   e - Force Lance                    Conjuration/Translocation    4
   f - Iskenderun's Mystic Blast      Conjuration                  4
Comestibles
 f - 4 bread rations
 m - 3 meat rations
 w - a royal jelly


   Skills:
 - Level 2.0 Fighting
 * Level 7.0 Polearms
 - Level 2.0 Throwing
 + Level 2.7 Armour
 - Level 3.2 Dodging
 - Level 6.3 Stealth
 + Level 0.9 Invocations


You had 7 spell levels left.
You didn't know any spells.

Dungeon Overview and Level Annotations

Branches:
Dungeon (5/15)             Temple (1/1) D:5

Altars:
Ashenzari
Cheibriados
Elyvilon
Fedhas
Gozag
Hepliaklqana
Kikubaaqudgha
Makhleb
Nemelex Xobeh
Okawaru
Ru
Sif Muna
Trog
Uskayaw
Vehumet
Wu Jian
Xom
Yredelemnul
Zin
The Shining One

Annotations:
D:5 KarmaPolice's ghost, novice HaHu


Innate Abilities, Weirdness & Mutations

You cannot wear boots.
Your serpentine skin is tough. (AC +2)
You have supernaturally acute eyesight. (SInv)
Armour fits poorly on your strangely shaped body.
Your system is resistant to poisons. (rPois)
You cover ground very slowly.
You have a slow metabolism.
You can spit poison.


Message History

The leopard gecko hisses menacingly.
You barely miss the leopard gecko.
The leopard gecko bites you but does no damage.
KarmaPolice's ghost hits you.
* * * LOW HITPOINT WARNING * * *
You are more poisoned.
You hit the leopard gecko.
The leopard gecko is moderately wounded.
* * * LOW HITPOINT WARNING * * *
You feel sick. The leopard gecko barely misses you.
KarmaPolice's ghost hits you but does no damage.
You are more poisoned.
* * * LOW HITPOINT WARNING * * *
You feel very sick.
The leopard gecko bites you but does no damage.
The leopard gecko barely misses you.
* * * LOW HITPOINT WARNING * * *
You feel sick. The leopard gecko bites you.
You die...
Your body rises from the dead as a mindless zombie.

###
##......####
#...........
#...≈≈..⌠...
#.≈≈≈≈≈...#.
#..≈≈≈%..##
#..≈≈≈...#
#..≈≈≈≈≈..#
###lW≈.≈..≈.#
#..@⌠....._.#
#.<...##....#
.......##
#####
####.>...
#......
########


You could see KarmaPolice's ghost and a leopard gecko.

Vanquished Creatures
  A centaur (D:5)
  The ghost of Goblin1989 the Ruffian, an amateur CeTm (D:3)
  A bullfrog (D:4)
  A scorpion (D:4)
  3 orc priests
  A hound (D:4)
  6 orc wizards
  An iguana (D:4)
  3 worker ants
  8 gnolls
  4 adders
  2 oozes
  4 worms
  A dart slug (D:3)
  2 leopard geckos (D:2)
  34 orcs
  3 giant cockroaches
  5 goblins
  9 hobgoblins
  3 jackals (D:1)
  2 quokkas (D:2)
  A ball python (D:3)
  6 bats
  5 frilled lizards
  A jackal zombie (D:4)
  7 kobolds
  A quokka skeleton (D:3)
  A quokka zombie (D:5)
  7 rats
124 creatures vanquished.

Notes
Turn   | Place    | Note
-------+----------+-------------------------------------------
     0 | D:1      | KristoblXynda the Naga Gladiator began the quest for the Orb.
     0 | D:1      | Reached XP level 1. HP: 19/19 MP: 1/1
   175 | D:1      | Reached XP level 2. HP: 22/26 MP: 2/2
   376 | D:1      | Reached skill level 1 in Stealth
   774 | D:1      | Reached XP level 3. HP: 18/32 MP: 3/3
   879 | D:2      | Found a faded altar of an unknown god.
  1097 | D:2      | Found an ornate altar of the Wu Jian Council.
  1333 | D:2      | Reached XP level 4. HP: 32/39 MP: 4/4
  1651 | D:3      | Found a sparkling altar of Nemelex Xobeh.
  1864 | D:3      | Reached skill level 4 in Polearms
  2103 | D:3      | Reached XP level 5. HP: 3/45 MP: 5/5
  2926 | D:3      | Noticed Goblin1989's ghost (amateur CeTm)
  3556 | D:3      | Killed Goblin1989's ghost
  3556 | D:3      | Reached skill level 5 in Polearms
  3556 | D:3      | Reached skill level 1 in Armour
  3556 | D:3      | Reached XP level 6. HP: 37/52 MP: 6/6
  3867 | D:3      | Reached skill level 5 in Stealth
  4577 | D:4      | Reached XP level 7. HP: 57/60 MP: 7/7
  4917 | D:4      | Reached skill level 6 in Polearms
  5467 | D:5      | Entered Level 5 of the Dungeon
  5467 | D:5      | Found a staircase to the Ecumenical Temple.
  5467 | D:5      | Noticed KarmaPolice's ghost (novice HaHu)
  5545 | D:5      | Found a glowing golden altar of the Shining One.
  5818 | Temple   | Entered the Ecumenical Temple
  6048 | Temple   | Became a worshipper of Yredelemnul the Dark
  6091 | D:5      | Reached skill level 7 in Polearms
  6091 | D:5      | Reached XP level 8. HP: 23/67 MP: 8/8
  6398 | D:5      | Found an ancient bone altar of Kikubaaqudgha.
  6406 | D:5      | HP: 3/67 [poisoned by KarmaPolice's ghost]
  6407 | D:5      | Slain by a leopard gecko

Vault maps used:
D:1:      nagdon_arrival_double_spiral
D:2:      nicolae_overflow_hidden_temple, chequers_ecumenical_altar_simple
D:3:      old_standard_altar, first_bread
D:5:      marbit_many_paths, nicolae_tso_carved_into_rock,
          kiku_gazebo_pond_becter, temple_fountains, guppyfry_early_lair_pool
Temple:   eino_temple_scatter_basement

Skill      XL: |  1  2  3  4  5  6  7 |
---------------+----------------------+-----
Throwing       | 2 |  2.0
Stealth        | 1 2 3 4 5 6 |  6.3
Polearms       | 4 5 7 |  7.0
Dodging        | 3 |  3.2
Armour         | 1 2 |  2.7
Fighting       | |  2.0
Invocations    | |  0.9

Action                   |  1- 3 |  4- 6 |  7- 9 || total
-------------------------+-------+-------+-------++-------
Melee: Trident           |   126 |   219 |    83 ||   428
       Spear             |       |       |   115 ||   115
Throw: Throwing net      |       |       |     1 ||     1
 Abil: Spit Poison       |    10 |    30 |    17 ||    57
  Use: Potion            |       |     4 |     3 ||     7
       Scroll            |       |     8 |     4 ||    12
 Stab: Sleeping          |     2 |     2 |     1 ||     5
  Eat: Chunk             |     1 |     6 |     4 ||    11
       Meat ration       |       |     1 |     1 ||     2
Armor: Leather armour    |    45 |    68 |   107 ||   220
Dodge: Dodged            |    81 |    78 |    89 ||   248
Block: Other             |       |     6 |    15 ||    21
       Reflection        |       |       |     1 ||     1
